 Dungeon Crawl Stone Soup version 0.29.1-12-g30fa7ad0bf (webtiles) character file.

Game seed: 4475099665896239254

6192 fleeber the Geomancer (level 10, -8/64 HPs)
             Began as a Gargoyle Earth Elementalist on Dec 12, 2022.
             Was a Priest of Sif Muna.
             Mangled by a skeletal warrior
             ... wielding a +0 hand axe
              (16 damage)
             ... on level 10 of the Dungeon on Dec 13, 2022.
             The game lasted 00:46:47 (12214 turns).

fleeber the Geomancer (GrEE)                       Turns: 12214, Time: 00:46:48

Health: -8/64      AC: 14    Str: 12    XL:     10   Next: 91%
Magic:  9/16       EV: 11    Int: 20    God:    Sif Muna [***...]
Gold:   585        SH:  0    Dex: 10    Spells: 11/17 levels left

rFire   . . .      SeeInvis .   m - staff of earth
rCold   . . .      Faith    .   (no shield)
rNeg    + . .      Spirit   .   x - +0 leather armour {rPois}
rPois   ∞          Reflect  .   k - +1 helmet
rElec   +          Harm     .   (no cloak)
rCorr   +          Rampage  .   (no gloves)
Will    .....                   q - +0 pair of boots
Stlth   ++........              (no amulet)
HPRegen 0.20/turn               v - ring of resist corrosion
MPRegen 0.15/turn               (no ring)

@: about to teleport, channelling
A: sickness immunity, AC +7, negative energy resistance 1, electricity
resistance, torment resistance 1, petrification resistance
a: Renounce Religion, Channel Magic, Forget Spell


You were on level 10 of the Dungeon.
You worshipped Sif Muna.
Sif Muna was most pleased with you.
You visited 2 branches of the dungeon, and saw 11 of its levels.

You collected 585 gold pieces.

Inventory:

Armour
 k - a +1 helmet (worn)
 q - a +0 pair of boots (worn)
 x - a +0 leather armour of poison resistance (worn)
Magical Staves
 m - a staff of earth (weapon)
Jewellery
 v - a ring of resist corrosion (left hand)
 G - an amulet of faith
Wands
 r - a wand of roots (5)
 B - a wand of quicksilver (9)
 F - a wand of paralysis (6)
Scrolls
 a - a scroll of immolation {unknown}
 d - a scroll of enchant armour
 o - 2 scrolls of noise
 p - 4 scrolls of blinking
 s - 3 scrolls of fear {unknown}
 u - 2 scrolls of magic mapping
 y - 2 scrolls of teleportation
 D - a scroll of brand weapon {unknown}
 E - a scroll of enchant weapon {unknown}
 H - a scroll of silence {unknown}
 I - a scroll of identify
Potions
 b - a potion of magic
 c - 2 potions of attraction {unknown}
 e - 5 potions of curing
 f - a potion of degeneration {unknown}
 g - a potion of ambrosia {unknown}
 h - 2 potions of flight {unknown}
 i - 3 potions of lignification
 j - 3 potions of mutation {unknown}
 l - a potion of haste {unknown}
 n - 2 potions of resistance {unknown}
 t - 2 potions of brilliance
 w - a potion of might {unknown}
 z - a potion of berserk rage {unknown}
 A - a potion of cancellation {unknown}
Miscellaneous
 C - a phantom mirror


   Skills:
 - Level 8.0 Fighting
 - Level 4.0 Armour
 - Level 1.5 Dodging
 - Level 2.1 Stealth
 + Level 4.3 Spellcasting
 - Level 8.0 Conjurations
 + Level 4.3 Transmutations
 + Level 10.5 Earth Magic
 + Level 4.4 Invocations
 + Level 1.3 Evocations


You had 11 spell levels left.
You knew the following spells:

 Your Spells              Type           Power      Damage    Failure   Level
a - Sandblast             Erth           100%       2d20      1%          1
b - Passwall              Tmut/Erth      41%        N/A       1%          2
c - Stone Arrow           Conj/Erth      100%       3d13      1%          3

Your spell library contained the following spells:

 Spells                   Type           Power      Damage    Failure   Level
 Static Discharge         Conj/Air       20%        3-6/arc   4%          2
 Wereblood                Tmut           21%        N/A       4%          2
 Petrify                  Tmut/Erth      50%        N/A       8%          4
 Summon Small Mammal      Summ           16%        N/A       16%         1
 Blink                    Tloc           8%         N/A       24%         2
 Hailstorm                Conj/Ice       20%        3d6       30%         4
 Call Canine Familiar     Summ           4%         N/A       43%         3
 Ozocubu's Armour         Ice            4%         N/A       43%         3
 Summon Guardian Golem    Hex/Summ       4%         N/A       43%         3
 Ice Form                 Ice/Tmut       13%        N/A       54%         4
 Fireball                 Conj/Fire      10%        3d6       63%         5
 Lightning Bolt           Conj/Air       10%        1d23      63%         5
 Manifold Assault         Tloc           4%         N/A       99%         5
 Starburst                Conj/Fire      10%        6d5       99%         6
 Orb of Destruction       Conj           18%        9d8       99%         7
 Simulacrum               Ice/Necr       2%         N/A       100%        6
 Ozocubu's Refrigeration  Ice            2%         4d7       100%        7
 Spellforged Servitor     Conj/Summ      10%        N/A       100%        7
 Storm Form               Tmut/Air       6%         N/A       100%        7
 Summon Hydra             Summ           2%         N/A       100%        7
 Ignition                 Fire           2%         3d3       100%        8
 Maxwell's Capacitive Co  Air            2%         ∞         100%        8
 Sublimation of Blood     Necr           Unusable   N/A       N/A         2

Dungeon Overview and Level Annotations

Branches:
Dungeon (10/15)            Temple (1/1) D:4            Lair (0/5) D:9
    Orc: D:9-12

Altars:
Ashenzari
Cheibriados
Dithmenos
Elyvilon
Fedhas
Gozag
Hepliaklqana
Kikubaaqudgha
Makhleb
Nemelex Xobeh
Okawaru
Qazlal
Ru
Sif Muna
Trog
Uskayaw
Vehumet
Wu Jian
Xom
Yredelemnul
Zin
The Shining One

Shops:
D:5 :   D:8 *(


Innate Abilities, Weirdness & Mutations

You are immune to sickness and miasma.
Your stone body is resilient. (AC +7)
You are immune to poison.
You resist negative energy. (rN+)
You are resistant to electric shocks. (rElec)
You are resistant to unholy torment.
You are immune to petrification.


Message History

Aim: a skeletal warrior, wielding a +0 hand axe (78% to hit)
You feel a surge of power!
The stone arrow hits the skeletal warrior!!
The skeletal warrior is heavily damaged.
Aiming: Stone Arrow (safe; 1% risk of failure)
Press: ? - help, Shift-Dir - straight line, f/p - skeletal warrior
Aim: a skeletal warrior, wielding a +0 hand axe (heavily damaged, 78% to hit)
You feel a surge of power!
The stone arrow hits the skeletal warrior.
The skeletal warrior is heavily damaged.
Aiming: Stone Arrow (safe; 1% risk of failure)
Press: ? - help, Shift-Dir - straight line, f/p - skeletal warrior
Aim: a skeletal warrior, wielding a +0 hand axe (heavily damaged, 78% to hit)
You feel a surge of power!
The stone arrow misses the skeletal warrior.
The skeletal warrior hits you with a +0 hand axe.
Aiming: Stone Arrow (safe; 1% risk of failure)
Press: ? - help, Shift-Dir - straight line, f/p - skeletal warrior
Aim: a skeletal warrior, wielding a +0 hand axe (heavily damaged, 78% to hit)
You feel a surge of power!
The stone arrow hits the skeletal warrior but does no damage.
The skeletal warrior is heavily damaged.
The skeletal warrior hits you with a +0 hand axe!
Aiming: Stone Arrow (safe; 1% risk of failure)
Press: ? - help, Shift-Dir - straight line, f/p - skeletal warrior
Aim: a skeletal warrior, wielding a +0 hand axe (heavily damaged, 78% to hit)
You feel a surge of power!
The stone arrow hits the skeletal warrior!
The skeletal warrior is severely damaged.
The skeletal warrior hits you but does no damage.
The skeletal warrior barely misses you.
Okay, then.
The skeletal warrior hits you with a +0 long sword!
The skeletal warrior hits you with a +0 hand axe!
As you read the scroll of teleportation, it crumbles to dust.
You feel strangely unstable.
The skeletal warrior hits you with a +0 long sword!!
* * * LOW HITPOINT WARNING * * *
The skeletal warrior hits you with a +0 hand axe!
You die...

######. #.......#
....... ##.......#
....... .........#
####... .........#
# #####...## #...#
#...#
#############...##
.........@.......#
..)......zz......#
.................#
#######..#########
..... ....z..
######... ..## ..#


You could see 3 skeletal warriors.

Vanquished Creatures
  A kobold demonologist (D:10)
  A komodo dragon (D:9)
  A meliai (D:6)
  9 yaks
  A vampire (D:8)
  2 vampire mosquitoes (D:10)
  2 water moccasins
  An orc warrior (D:7)
  An ice beast (D:5)
  A sky beast (D:8)
  A black bear (D:6)
  An ogre (D:5)
  2 centaurs
  2 phantoms
  2 kobold brigands (D:10)
  4 bullfrogs
  A gnoll sergeant (D:7)
  3 scorpions
  23 wights
  5 killer bees (D:9)
  2 howler monkeys (D:9)
  4 hounds
  4 orc priests
  2 iguanas (D:9)
  7 orc wizards
  Robin (D:2)
  5 adders
  4 gnolls (D:7)
  A river rat (D:6)
  A white imp (D:8)
  2 worms
  33 orcs
  9 ball pythons
  7 endoplasms
  4 giant cockroaches
  19 goblins
  16 hobgoblins
  4 jackals
  10 kobolds
  2 quokkas
  3 bats
  6 frilled lizards
  3 rats
213 creatures vanquished.

Vanquished Creatures (others)
  7 plants (D:9)
7 creatures vanquished.

Grand Total: 220 creatures vanquished

Notes
Turn   | Place    | Note
-------+----------+-------------------------------------------
     0 | D:1      | fleeber the Gargoyle Earth Elementalist began the quest for
                  | the Orb.
     0 | D:1      | Reached XP level 1. HP: 10/10 MP: 3/3
   152 | D:1      | Reached XP level 2. HP: 15/15 MP: 3/5
   179 | D:1      | Reached skill level 4 in Earth Magic
   446 | D:1      | Found a faded altar of an unknown god.
   657 | D:1      | Reached skill level 1 in Transmutations
   674 | D:1      | Reached XP level 3. HP: 18/19 MP: 2/6
   922 | D:2      | Learned a level 2 spell: Passwall
  1412 | D:2      | Noticed Robin
  1428 | D:2      | Killed Robin
  1440 | D:2      | Reached XP level 4. HP: 24/24 MP: 1/8
  2106 | D:2      | Learned a level 3 spell: Stone Arrow
  2489 | D:3      | Reached skill level 5 in Earth Magic
  2489 | D:3      | Reached XP level 5. HP: 18/28 MP: 2/9
  2762 | D:3      | Reached XP level 6. HP: 32/32 MP: 5/11
  3441 | D:4      | Reached skill level 6 in Earth Magic
  3518 | D:4      | Found a staircase to the Ecumenical Temple.
  3544 | Temple   | Entered the Ecumenical Temple
  3647 | Temple   | Became a worshipper of Sif Muna the Loreminder
  3944 | D:5      | Entered Level 5 of the Dungeon
  3972 | D:5      | Found Reugh's Vocational Training.
  3984 | D:5      | Reached XP level 7. HP: 36/36 MP: 11/13
  4026 | D:5      | Found a shadowy altar of Dithmenos.
  4395 | D:5      | Reached skill level 1 in Invocations
  4639 | D:5      | Reached skill level 7 in Earth Magic
  5225 | D:5      | Reached XP level 8. HP: 17/41 MP: 11/14
  5412 | D:6      | Reached skill level 1 in Conjurations
  5462 | D:6      | Found an ancient bone altar of Kikubaaqudgha.
  5681 | D:6      | Noticed Blork the orc
  5686 | D:6      | Noticed Blork
  5686 | D:6      | Blork the orc changed into Blork the river rat
  5688 | D:6      | Killed Blork the river rat
  6008 | D:6      | Noticed a yak
  6086 | D:6      | Noticed a yak
  6086 | D:6      | Noticed a yak
  6087 | D:6      | Noticed a yak
  6106 | D:6      | Killed a yak
  6107 | D:6      | Reached skill level 8 in Earth Magic
  6182 | D:6      | Noticed a queen bee
  6182 | D:6      | a yak changed into a queen bee
  6184 | D:6      | Noticed a yak
  6230 | D:6      | Killed a yak
  6680 | D:6      | Noticed a meliai
  6680 | D:6      | a queen bee changed into a meliai
  6685 | D:6      | Killed a meliai
  6686 | D:6      | Reached skill level 9 in Earth Magic
  6686 | D:6      | Reached XP level 9. HP: 26/45 MP: 2/15
  6872 | D:6      | Reached skill level 5 in Conjurations
  7265 | D:7      | Reached * piety under Sif Muna
  7365 | D:7      | Reached skill level 10 in Earth Magic
  8230 | D:7      | Reached skill level 1 in Armour
  8233 | D:7      | Reached skill level 1 in Fighting
  8689 | D:8      | Found Locaemeh's Serpentskin Sales.
  8706 | D:8      | Found Qedocsoh's Antique Weapon Shoppe.
  8994 | D:8      | Reached XP level 10. HP: 46/56 MP: 0/16
  9497 | D:8      | Reached skill level 5 in Fighting
  9503 | D:8      | Reached ** piety under Sif Muna
  9632 | D:8      | Found a glowing golden altar of the Shining One.
  9632 | D:8      | Found a bloodstained altar of Trog.
  9989 | D:8      | Found a snail-covered altar of Cheibriados.
 10052 | D:8      | Found a blossoming altar of Fedhas.
 10293 | D:9      | Found a burning altar of Makhleb.
 10658 | D:9      | Found a staircase to the Lair.
 11000 | D:9      | Found a glowing silver altar of Zin.
 11525 | D:9      | Reached *** piety under Sif Muna
 11712 | D:10     | Entered Level 10 of the Dungeon
 11982 | D:10     | Noticed a kobold demonologist
 11988 | D:10     | Killed a kobold demonologist
 11989 | D:10     | Reached skill level 1 in Evocations
 12201 | D:10     | Noticed a skeletal warrior
 12204 | D:10     | Noticed a skeletal warrior
 12205 | D:10     | Noticed a skeletal warrior
 12214 | D:10     | Mangled by a skeletal warrior

Illustrated notes

Levels and vault maps discovered:
D:1:      lightli_arrival_windingriver, layout_loops_ring,
          nicolae_ecumenical_snake_handling
D:2:      layout_basic, uniq_robin
D:3:      layout_basic, grunt_ministairs_11
D:4:      minmay_wonky_spiral, layout_basic, minmay_temple_entry_proselytizer,
          chequers_decorated_corner
D:5:      cheibrodos_iron_armory, layout_basic, nicolae_dithmenos_shadow_blocks,
          nicolae_shop_vocational
D:6:      layout_layer_cave, old_standard_altar, kennysheep_generic_room_10,
          uniq_blork_the_orc
D:7:      layout_gridville
D:8:      layout_rooms, nicolae_overflow_quartered_altars, serial_shops,
          shop_coins, guppyfry_shop_venom
D:9:      layout_roguey, zin_statuary, mainiacjoe_overflow_boulevard,
          lair_entry_dummy, minmay_lizard_king
D:10:     minmay_klotski, layout_long_grid
Temple:   jpeg_temple_clearing

Skill      XL: |  1  2  3  4  5  6  7  8  9 10 |
---------------+-------------------------------+-----
Earth Magic    | 4 5 6 7 9 10 | 10.5
Transmutations | 1 2 3 4 |  4.3
Spellcasting   | 3 4 |  4.3
Invocations    | 3 4 |  4.4
Conjurations   | 4 7 8 |  8.0
Armour         | 3 4 |  4.0
Fighting       | 3 8 |  8.0
Evocations     | 1 |  1.3
Dodging        | |  1.5
Stealth        | |  2.1

Action                   |  1- 3 |  4- 6 |  7- 9 | 10-12 || total
-------------------------+-------+-------+-------+-------++-------
Melee: Unarmed           |       |     1 |       |       ||     1
       Staff             |       |     1 |    15 |       ||    16
 Cast: Sandblast         |    49 |    89 |    41 |    12 ||   191
       Passwall          |       |     1 |       |       ||     1
       Stone Arrow       |       |       |    71 |    86 ||   157
Invok: Channel Magic     |       |       |       |     1 ||     1
Evoke: Wand              |       |       |     7 |     3 ||    10
  Use: Potion            |       |     1 |     3 |     2 ||     6
       Scroll            |       |       |     4 |     3 ||     7
Armor: Robe              |     2 |    13 |     7 |       ||    22
       Skin              |       |       |    37 |       ||    37
       Leather armour    |       |       |     1 |    21 ||    22
Dodge: Dodged            |     8 |    25 |    18 |    25 ||    76
